 Dungeon Crawl Stone Soup version 0.24.0-123-gd5b16e6ec5 (webtiles) character file.

Game seed: 7682906591713082282, levelgen mode: deterministic

539318 snorg the Ninja (level 27, -6/161 HPs)
             Began as a Kobold Berserker on Jan 20, 2020.
             Was a High Priest of Trog.
             Killed from afar by a starcursed mass (12 damage)
             ... with an accursed screaming
             ... on level 2 of the Abyss on Jan 23, 2020.
             The game lasted 10:01:44 (88312 turns).

snorg the Ninja (Kobold Berserker)                 Turns: 88312, Time: 10:01:44

Health: -6/161     AC: 30    Str: 19    XL:     27
Magic:  34/34      EV: 33    Int: 14    God:    Trog [*****.]
Gold:   4058       SH:  0    Dex: 24    Spells: 26/26 levels left

rFire    + + .     SeeInvis +   a - +9 dagger (elec)
rCold    + . .     Gourm    .   (shield restricted)
rNeg     + + +     Faith    .   I - +8 fire dragon scales
rPois    +         Spirit   .   j - +2 hat {Int+3}
rElec    +         Reflect  .   q - +2 cloak {+Inv}
rCorr    .         Harm     .   Q - +0 pair of gloves of Grace {rN+ SInv}
MR       +++..     Clarity  +   V - +2 pair of boots {run}
Stlth    ++++++++..             f - amulet of the Salmon {rC+ MR+ Regen+}
HPRegen  0.76/turn              N - ring "Ximai" {rPois rC+ Dex+2}
MPRegen  0.24/turn              c - ring of Xafifri {rElec rN++ Int+2}

@: about to teleport, berserk cooldown, very slightly contaminated, slowed, very
slow
A: small, agile 1, [blurry vision 2], carnivore, clarity, [deterioration 2],
dopey 1, [frail 2], robust 1, [no potion heal 2]
}: 3/15 runes: barnacled, silver, gossamer
a: Berserk, Trog's Hand, Brothers in Arms, Renounce Religion, Evoke Invisibility


You were on level 2 of the Abyss.
You worshipped Trog.
Trog was extremely pleased with you.
You were not hungry.

You visited 9 branches of the dungeon, and saw 45 of its levels.
You visited the Abyss 3 times.
You also visited: Trove, Sewer and Gauntlet.

You collected 7979 gold pieces.
You spent 3921 gold pieces at shops.

Inventory:

Hand Weapons
 a - a +9 dagger of electrocution (weapon)
 b - a +3 arbalest of flaming
 d - the +9 fustibalus "Exuiq" {venom, +Blink rC+ rN+++ Int-2}
   (Trog gifted it to you on level 2 of the Spider Nest)

   It poisons the ammo it fires.
   It affects your intelligence (-2).
   It protects you from cold.
   It renders you almost immune to negative energy.
   It lets you blink.
 e - the +9 heavy crossbow "Sniper" {velocity, Acc+∞ SInv}
   (You found it on level 4 of the Vaults)

   Any bolt fired from it inflicts extra damage.
   It lets you see invisible.
 x - a +3 arbalest of freezing
Missiles
 h - 2736 bolts
 m - 43 atropa-tipped darts (quivered)
 w - 27 curare-tipped darts
 E - 16 throwing nets
 Y - 19 datura-tipped darts
Armour
 j - a +2 hat of intelligence (worn)
 q - a +2 cloak of invisibility (worn)
 I - +8 fire dragon scales (worn)
 Q - the +0 pair of gloves of Grace (worn) {rN+ SInv}
   (You found it on level 2 of the Depths)

   It protects you from negative energy.
   It lets you see invisible.
 V - a +2 pair of boots of running (worn)
Jewellery
 c - the ring of Xafifri (right hand) {rElec rN++ Int+2}
   (You bought it in a shop on level 3 of the Shoals)

   [ring of intelligence]

   It affects your intelligence (+2).
   It insulates you from electricity.
   It greatly protects you from negative energy.
 f - the amulet of the Salmon (around neck) {rC+ MR+ Regen+}
   (You found it in a treasure trove)

   [amulet of regeneration]

   It protects you from cold.
   It affects your resistance to hostile enchantments.
   It increases your rate of regeneration.
 N - the ring "Ximai" (left hand) {rPois rC+ Dex+2}
   (You took it off a vault warden on level 5 of the Vaults)

   [ring of poison resistance]

   It affects your dexterity (+2).
   It protects you from cold.
   It protects you from poison.
 Z - the ring "Seusub Dovav" {rN+ Int+2 Dex+4 SInv Stlth+}
   (You bought it in a shop on level 2 of the Orcish Mines)

   [ring of see invisible]

   It affects your intelligence (+2).
   It affects your dexterity (+4).
   It protects you from negative energy.
   It lets you see invisible.
   It makes you more stealthy.
Wands
 o - a wand of enslavement (9)
 J - a wand of paralysis (39)
 O - a wand of acid (24)
 P - a wand of digging (16)
 U - a wand of iceblast (67)
 X - a wand of disintegration (43)
Scrolls
 g - a scroll of blinking
 l - a scroll of summoning
 r - 4 scrolls of fear
 s - 11 scrolls of identify
 t - 9 scrolls of fog
 u - 2 scrolls of holy word
 v - 16 scrolls of teleportation
 F - a scroll of enchant weapon
 R - 31 scrolls of remove curse
 S - 8 scrolls of magic mapping
Potions
 i - 11 potions of flight
 k - a potion of might
 n - a potion of cancellation
 p - 10 potions of haste
 z - 6 potions of heal wounds
 A - a potion of agility
 C - 19 potions of curing
 H - 6 potions of resistance
Miscellaneous
 y - a phantom mirror
 B - a sack of spiders
 D - 5 boxes of beasts
 G - a fan of gales
 K - a phial of floods
 M - a lightning rod (4/4)
 W - a lamp of fire
Comestibles
 L - 99 rations


   Skills:
 - Level 20.0 Fighting
 - Level 10.0 Short Blades
 * Level 21.9 Crossbows
 - Level 12.0 Throwing
 - Level 12.0 Armour
 - Level 23.0 Dodging
 O Level 27 Stealth
 - Level 15.0 Evocations


You had 26 spell levels left.
You didn't know any spells.
Your spell library contained the following spells:

 Spells                   Type           Power        Failure   Level  Hunger
 Animate Skeleton         Necr           N/A          63%         1    ##.....
 Apportation              Tloc           #.....       63%         1    ##.....
 Confusing Touch          Hex            #.....       63%         1    ##.....
 Corona                   Hex            #......      63%         1    ##.....
 Flame Tongue             Conj/Fire      #....        63%         1    ##.....
 Freeze                   Ice            #...         63%         1    ##.....
 Magic Dart               Conj           #...         63%         1    ##.....
 Pain                     Necr           #...         63%         1    ##.....
 Sandblast                Erth           #.....       63%         1    ##.....
 Shock                    Conj/Air       #...         63%         1    ##.....
 Summon Small Mammal      Summ           #...         63%         1    ##.....
 Blink                    Tloc           N/A          77%         2    ###....
 Call Imp                 Summ           #.......     77%         2    ###....
 Ensorcelled Hibernation  Hex/Ice        #.....       77%         2    ###....
 Passwall                 Tmut/Erth      #.......     77%         2    ###....
 Poisonous Vapours        Pois/Air       #.....       77%         2    ###....
 Searing Ray              Conj           #.....       77%         2    ###....
 Shroud of Golubria       Chrm/Tloc      #.....       77%         2    ###....
 Slow                     Hex            #.......     77%         2    ###....
 Swiftness                Chrm/Air       #.......     77%         2    ###....
 Throw Flame              Conj/Fire      #.....       77%         2    ###....
 Throw Frost              Conj/Ice       #.....       77%         2    ###....
 Confuse                  Hex            #.......     94%         3    ####...
 Conjure Flame            Conj/Fire      #.......     94%         3    ####...
 Dazzling Spray           Conj/Hex       #.....       94%         3    ####...
 Gell's Gravitas          Tloc           #.........   94%         3    ####...
 Ignite Poison            Fire/Tmut/Pois #.......     94%         3    ####...
 Inner Flame              Hex/Fire       #.......     94%         3    ####...
 Lesser Beckoning         Tloc           #.........   94%         3    ####...
 Mephitic Cloud           Conj/Pois/Air  #.......     94%         3    ####...
 Ozocubu's Armour         Chrm/Ice       #.......     94%         3    ####...
 Portal Projectile        Hex/Tloc       #.....       94%         3    ####...
 Recall                   Summ/Tloc      N/A          94%         3    ####...
 Regeneration             Chrm/Necr      #.........   94%         3    ####...
 Spectral Weapon          Hex/Chrm       #.......     94%         3    ####...
 Spider Form              Tmut/Pois      #.........   94%         3    ####...
 Static Discharge         Conj/Air       #.......     94%         3    ####...
 Stone Arrow              Conj/Erth      #.....       94%         3    ####...
 Teleport Other           Tloc           #.......     94%         3    ####...
 Tukima's Dance           Hex            #.......     94%         3    ####...
 Vampiric Draining        Necr           #.........   94%         3    ####...
 Airstrike                Air            #.........   100%        4    #####..
 Animate Dead             Necr           N/A          100%        4    #####..
 Cause Fear               Hex            #.........   100%        4    #####..
 Force Lance              Conj/Tloc      #.......     100%        4    #####..
 Fulminant Prism          Conj/Hex       #.........   100%        4    #####..
 Ice Form                 Ice/Tmut       #.......     100%        4    #####..
 Iskenderun's Mystic Bla  Conj           #.......     100%        4    #####..
 Leda's Liquefaction      Hex/Erth       #.........   100%        4    #####..
 Passage of Golubria      Tloc           N/A          100%        4    #####..
 Petrify                  Tmut/Erth      #.......     100%        4    #####..
 Sticky Flame             Conj/Fire      #.......     100%        4    #####..
 Summon Ice Beast         Ice/Summ       #.......     100%        4    #####..
 Summon Lightning Spire   Summ/Air       #.......     100%        4    #####..
 Throw Icicle             Conj/Ice       #.......     100%        4    #####..
 Agony                    Necr           #.......     100%        5    ######.
 Bolt of Draining         Conj/Necr      #.........   100%        5    ######.
 Borgnjor's Vile Clutch   Necr/Erth      #.........   100%        5    ######.
 Fireball                 Conj/Fire      #.........   100%        5    ######.
 Irradiate                Conj/Tmut      #.........   100%        5    ######.
 Lee's Rapid Deconstruct  Erth           #.........   100%        5    ######.
 Lightning Bolt           Conj/Air       #.........   100%        5    ######.
 Metabolic Englaciation   Hex/Ice        #.........   100%        5    ######.
 Venom Bolt               Conj/Pois      #.........   100%        5    ######.
 Yara's Violent Unravell  Hex/Tmut       #.........   100%        5    ######.
 Bolt of Fire             Conj/Fire      #.........   100%        6    #######
 Darkness                 Hex            #.........   100%        6    #######
 Death Channel            Necr           #.........   100%        6    #######
 Freezing Cloud           Conj/Ice/Air   #.........   100%        6    #######
 Hydra Form               Tmut           #.........   100%        6    #######
 Invisibility             Hex            #.......     100%        6    #######
 Simulacrum               Ice/Necr       #.........   100%        6    #######
 Statue Form              Tmut/Erth      #........    100%        6    #######
 Dragon Form              Tmut           #.........   100%        7    #######
 Haunt                    Necr/Summ      #.........   100%        7    #######
 Borgnjor's Revivificati  Necr           #.........   100%        8    #######
 Death's Door             Chrm/Necr      #.........   100%        8    #######
 Ignition                 Fire           #.........   100%        8    #######
 Infestation              Necr           #.........   100%        8    #######
 Necromutation            Tmut/Necr      #.........   100%        8    #######


Dungeon Overview and Level Annotations

Branches:
Dungeon (15/15)            Temple (1/1) D:4            Lair (6/6) D:9
 Shoals (4/4) Lair:2       Spider (4/4) Lair:3        Slime (0/5) Lair:5
    Orc (2/2) D:11            Elf (3/3) Orc:2        Vaults (5/5) D:14
  Crypt (0/3) Vaults:3     Depths (5/5) D:15            Zot (0/5) Depths:5
  Sewer (visited)         Gauntlet (visited)

Altars:
Ashenzari
Dithmenos
Elyvilon
Fedhas
Gozag
Hepliaklqana
Kikubaaqudgha
Makhleb
Nemelex Xobeh
Okawaru
Qazlal
Ru
Trog
Uskayaw
Vehumet
Wu Jian
Xom
Yredelemnul
Zin
The Shining One
Beogh
Jiyva

Shops:
D:6 }   D:7 %   D:10 !   D:14 [   Orc:2 *[=(   Elf:1 !}*}*   Elf:2 %
Shoals:3 [*?=

Portals:
Hell: Depths:1 Depths:2 Depths:3 Depths:4 Depths:5
Abyss: Depths:3
Pandemonium: Depths:1 Depths:3
Ziggurat: Depths:1

Annotations:
Shoals:4 2 transporters, mortelune's ghost, adept MiBe
Spider:3 exclusion: downstairs


Innate Abilities, Weirdness & Mutations

You are small and have problems with some larger weapons.
You are carnivorous and can eat meat at any time.
You are agile. (Dex +2)
You possess an exceptional clarity of mind.
You are dopey. (Int -2)
You are robust. (+10% HP)
[Scrolls take you longer to read.]
[Your body often deteriorates upon taking damage.]
[You are very frail. (-20% HP)]
[Potions are poor at restoring your health.]


Message History

The starcursed mass engulfs you but does no damage.
The starcursed mass completely misses you.
The profane servitor hits you but does no damage.
The profane servitor completely misses you.
The starcursed mass closely misses you.
The starcursed mass completely misses you.
Blink to where?
Press: ? - help, Dir - move target cursor, f - you Are you sure you want to cancel this blink? [Y]es or [N]o only, please.
Are you sure you want to cancel this blink?
Blink to where?
Press: ? - help, Dir - move target cursor You are very lightly contaminated with residual magic.
As you read the scroll of blinking, it crumbles to dust.
Your system partially rejects the healing.
You feel much better. Something hits your ogre!! Something hits your ogre.
Something drains your ogre.
A deafening chorus of shrieks assaults your mind!
You die...

. .≈ XA##≈§ . ##
## #...≈ # #
#.#.##..§.# V #..
#AXXX≈##≈≈. .
#.O#X..#≈≈# #
#XXX.≈≈≈≈§#♣#
...*#..≈#≈≈≈≈#
###.#..#.x≈≈≈≈#
.#.....#.@§# ..#.
#..#..#≈#..#
#.##..#####§....#
. .# ### ##.#....
..# # # ##..# ##
. #. ## # # .


You could see 5 starcursed masses, a small abomination and a friendly ogre
(berserk).

Vanquished Creatures
  Mara (Spider:3)
  Sojobo (Depths:3)
  Boris (Vaults:2)
  Bai Suzhen (Spider:4)
  4 caustic shrikes (Depths:5)
  A golden dragon (Depths:5)
  5 bone dragons
  2 liches
  6 tentacled monstrosities
  Asterion (Spider:2)
  A deep elf blademaster (Elf:2)
  A deep elf master archer (Elf:3)
  4 titans
  A quicksilver dragon (Vaults:4)
  3 tentacled starspawn
  3 shadow dragons
  5 sphinxes
  Polyphemus (Shoals:2)
  4 tengu reavers (Depths:3)
  Gastronok (Orc:1)
  A thorn hunter (Depths:4)
  3 storm dragons
  9 fire giants
  11 frost giants
  10 vault wardens
  A balrug (Depths:4)
  2 deep elf sorcerers
  Aizul (Depths:3)
  2 ghost moths (Spider:4)
  An iron dragon (Vaults:5)
  A deep elf elementalist (Vaults:4)
  An orc warlord (Orc:2)
  7 emperor scorpions
  3 spriggan defenders (Depths:3)
  A draconian shifter (Abyss:1)
  A draconian stormcaller (Depths:5)
  A war gargoyle (Vaults:4)
  11 very ugly things
  2 vampire knights
  18 stone giants
  13 ironheart preservers
  2 green draconians (Depths:5)
  2 entropy weavers
  6 deep elf demonologists
  6 deep elf annihilators
  A lorocyproca (Abyss:5)
  11 spark wasps
  A minotaur (Gauntlet)
  A black draconian (Depths:5)
  An eidolon (Abyss:2)
  3 deep elf death magi
  An ettin (shapeshifter) (Vaults:5)
  7 merfolk javelineers
  10 ettins
  Josephine (Lair:6)
  A deep elf high priest (Vaults:5)
  6 merfolk impalers
  18 yaktaur captains
  Snorg (Lair:3)
  6 fire dragons
  7 great orbs of eyes
  28 vault guards
  7 rakshasas
  Harold (Orc:1)
  11 ice dragons
  7 hydras
  4 spriggan air magi
  4 catoblepae
  Erolcha (D:13)
  3 merfolk avatars
  2 deep troll shamans (Depths:5)
  10 centaur warriors
  14 ogre magi
  3 alligators (Depths:4)
  2 alligator snapping turtles (Shoals:4)
  A satyr (Shoals:3)
  3 merfolk aquamancers (Shoals:4)
  4 death yaks
  53 two-headed ogres
  A vampire mage (Depths:3)
  3 thrashing horrors
  6 spriggan berserkers
  20 dancing weapons
  3 deep troll earth magi
  A queen ant (shapeshifter) (Depths:5)
  8 tengu warriors
  Sonja (D:12)
  A soul eater (Abyss:1)
  3 orc high priests
  31 deep elf knights
  Nergalle (Lair:3)
  5 hell knights
  2 iron trolls (Depths:5)
  13 sea snakes
  2 sun demons (Depths:4)
  A shadow wraith (Vaults:5)
  A spatial maelstrom (Abyss:1)
  A sixfirhy (Abyss:1)
  4 wretched stars
  9 deep trolls
  A ghost moth zombie (Abyss:1)
  7 large abominations
  An unseen horror (shapeshifter) (Vaults:4)
  2 glowing orange brains
  A deep troll (shapeshifter) (D:15)
  6 flayed ghosts
  Pikel (D:8)
  3 wizards
  9 deep elf archers
  3 unseen horrors
  A lindwurm (shapeshifter) (Depths:5)
  23 harpies
  12 ironbrand convokers
  3 phantasmal warriors
  3 necromancers
  8 fauns
  An oklob plant (Lair:1)
  67 deep elf magi
  25 wolf spiders
  25 orc knights
  A cyclops (shapeshifter) (Vaults:3)
  6 orc sorcerers
  A sphinx zombie (Vaults:2)
  3 worldbinders
  11 manticores
  17 orb spiders
  20 ugly things
  2 moths of wrath
  A stone giant skeleton (Vaults:2)
  15 cyclopes
  Maurice (D:8)
  A guardian serpent (shapeshifter) (D:15)
  2 guardian serpents
  5 smoke demons
  2 moths of wrath (shapeshifter)
  A water nymph (Shoals:3)
  10 merfolk sirens
  10 black mambas
  21 vault sentinels
  Joseph (D:8)
  An ice statue (D:14)
  An orange demon (Abyss:2)
  Psyche (D:8)
  15 spiny frogs
  A spiny frog (shapeshifter) (D:15)
  3 gargoyles
  6 ice devils (D:14)
  4 demonic crawlers (Spider:3)
  3 freezing wraiths
  2 rime drakes
  2 efreet (D:15)
  2 komodo dragons (shapeshifter)
  56 yaktaurs
  5 komodo dragons
  An ancient zyme (Abyss:5)
  2 hellwings (Abyss:2)
  A polar bear (shapeshifter) (Vaults:2)
  4 tengu conjurers
  20 jumping spiders
  A red devil (Gauntlet)
  33 merfolk
  A troll (shapeshifter) (Vaults:3)
  5 meliai
  A queen bee (D:15)
  11 trolls
  A meliai (shapeshifter) (D:15)
  A merfolk (shapeshifter) (Elf:3)
  20 hornets
  Grinder (D:3)
  7 wind drakes
  29 slime creatures
  A queen bee (shapeshifter) (Vaults:3)
  Prince Ribbit (D:8)
  10 snapping turtles
  A snapping turtle (shapeshifter) (Vaults:2)
  A blink frog (shapeshifter) (Vaults:2)
  A hippogriff (shapeshifter) (Elf:2)
  7 raiju
  21 blink frogs
  7 dream sheep
  5 hippogriffs
  An ettin zombie (Vaults:2)
  3 flying skulls (Abyss:2)
  A shadow (D:12)
  14 small abominations
  3 spriggans
  6 wraiths
  28 tarantellas
  2 vampires
  71 redbacks
  A spriggan (shapeshifter) (Vaults:3)
  8 fire elementals
  2 wyverns (shapeshifter) (D:15)
  2 air elementals
  23 water elementals
  31 yaks
  9 wyverns
  Eustachio (D:4)
  A basilisk (shapeshifter) (Abyss:1)
  A yak (shapeshifter) (Depths:1)
  3 ynoxinuls (Abyss:1)
  A tarantella (shapeshifter) (Depths:3)
  3 basilisks
  2 hungry ghosts
  A yaktaur simulacrum (Vaults:2)
  A steam dragon (D:9)
  A vampire mosquito (Depths:4)
  2 chaos spawn
  6 wargs
  Menkaure (D:5)
  3 swamp worms
  A two-headed ogre zombie (D:11)
  A spatial vortex (Abyss:1)
  2 soldier ants (shapeshifter)
  27 water moccasins
  2 soldier ants
  An acid dragon (Vaults:2)
  Duvessa (D:4)
  8 porcupines
  2 hell hounds (D:13)
  A floating eye (Depths:5)
  2 eyes of draining (shapeshifter)
  Purgy (Sewer)
  3 ice beasts
  A sky beast (D:5)
  3 slaves (D:8)
  3 black bears
  2 eyes of draining
  60 orc warriors
  A wolf (Lair:2)
  A phantom (D:11)
  49 ogres
  10 boggarts
  A wolf (shapeshifter) (Vaults:4)
  25 centaurs
  11 crocodiles
  A big kobold (D:10)
  A big kobold (shapeshifter) (Vaults:1)
  5 earth elementals
  2 wyvern zombies
  13 bullfrogs
  Dowan (D:4)
  A wyvern skeleton (D:8)
  A scorpion (D:7)
  A scorpion (shapeshifter) (Depths:5)
  2 water moccasin skeletons
  22 killer bees
  3 troll zombies (D:11)
  6 wights
  7 electric eels
  6 howler monkeys
  13 crimson imps
  7 jellies
  19 starcursed masses
  2 centaur zombies
  3 human simulacra
  15 hounds
  4 quasits
  3 bullfrog zombies
  4 bullfrog skeletons
  5 centaur skeletons
  18 orc priests
  22 orc wizards
  3 iron imps (Abyss:2)
  Jessica (D:3)
  7 iguanas
  16 worker ants
  A killer bee zombie (D:9)
  4 ogre zombies (D:11)
  2 hound zombies
  A hound skeleton (D:7)
  Robin (D:4)
  2 worker ant zombies (D:7)
  7 gnolls
  9 adders
  2 shadow imps
  3 white imps
  8 ufetubi
  An ooze (D:4)
  An adder zombie (D:9)
  3 adder skeletons
  6 worms
  2 dart slugs
  7 leopard geckos
  106 orcs
  15 bats
  8 giant cockroaches
  7 hobgoblins
  12 jackals
  11 kobolds
  2 quokkas
  3 ball pythons
  4 frilled lizards
  19 goblins
  A goblin skeleton (D:11)
  4 goblin zombies (D:11)
  A hobgoblin skeleton (D:11)
  5 hobgoblin zombies (D:11)
  A jackal zombie (D:5)
  A leopard gecko skeleton (D:6)
  2 orc skeletons (D:11)
  12 orc zombies (D:11)
  2 quokka skeletons
  7 rats
  A spectral orc (D:2)
  2 plants (Lair:1)
  3 starspawn tentacles
2097 creatures vanquished.

Vanquished Creatures (collateral kills)
  2 ancient liches
  Boris (Depths:3)
  Margery (Vaults:2)
  Jory (Vaults:2)
  Arachne (Spider:3)
  Jorgrun (Spider:3)
  A lich (Depths:3)
  2 deep elf blademasters (Elf:3)
  2 titans
  A deep elf master archer (Elf:3)
  2 sphinxes (Depths:3)
  2 tentacled starspawn (Abyss:1)
  2 tengu reavers (Vaults:5)
  3 deep elf sorcerers (Elf:3)
  2 fire giants
  A vault warden (Vaults:5)
  2 frost giants
  A deep elf elementalist (Vaults:4)
  An emperor scorpion (Spider:2)
  2 ironheart preservers
  A draconian stormcaller (Depths:5)
  2 very ugly things (Vaults:5)
  A reaper (Gauntlet)
  2 spriggan defenders (Depths:3)
  4 stone giants
  3 deep elf annihilators
  A deep elf demonologist (Elf:3)
  Azrael (D:13)
  2 spark wasps (Depths:3)
  A deep elf death mage (Elf:3)
  2 merfolk javelineers
  A fire dragon (Depths:4)
  An ettin (Vaults:4)
  2 merfolk impalers (Shoals:4)
  3 yaktaur captains
  5 deep elf high priests
  3 ogre magi
  4 vault guards
  3 alligators (Depths:4)
  6 two-headed ogres
  A merfolk aquamancer (Shoals:4)
  3 deep troll earth magi
  5 dancing weapons
  A spriggan berserker (Depths:3)
  A thrashing horror (Abyss:2)
  A deep elf knight (Elf:3)
  5 hell knights
  2 sea snakes (Shoals:4)
  A flayed ghost (Depths:3)
  5 deep trolls
  A swamp dragon (Depths:4)
  2 deep elf archers
  A necromancer (Depths:3)
  2 orc knights (Vaults:2)
  3 ironbrand convokers
  3 orb spiders (Spider:4)
  A wolf spider (Spider:4)
  11 yaktaurs
  7 deep elf magi
  2 starcursed masses (Abyss:2)
  A cyclops (D:10)
  3 vault sentinels
  A smoke demon (Abyss:2)
  4 jumping spiders
  A tengu conjurer (Depths:3)
  2 merfolk (Shoals:3)
  A polar bear (shapeshifter) (Depths:3)
  A large abomination (Abyss:1)
  A wind drake (Shoals:4)
  4 hornets
  A slime creature (Depths:4)
  A redback (shapeshifter) (Vaults:4)
  14 redbacks
  A spriggan (Depths:4)
  5 water elementals
  4 yaks (Lair:1)
  3 swamp worms (Depths:4)
  A water moccasin (Lair:6)
  A porcupine (Lair:3)
  An ice beast (D:9)
  4 orc warriors
  A swamp drake (Depths:4)
  6 ogres
  A crocodile (Lair:3)
  2 crimson imps
  An orc priest (Vaults:2)
  An orc wizard (Vaults:2)
  A shadow imp (Gauntlet)
  6 orcs
  3 starspawn tentacles (Abyss:1)
214 creatures vanquished.

Vanquished Creatures (others)
  A deep elf blademaster (Elf:3)
  A fire giant (Vaults:3)
  A frost giant (Depths:4)
  A vault warden (Vaults:5)
  3 deep elf sorcerers
  2 deep elf elementalists (Elf:3)
  An ettin (Vaults:5)
  A deep elf annihilator (Elf:3)
  A spark wasp (Depths:3)
  2 deep elf high priests (Elf:3)
  2 yaktaur captains
  A hydra (Depths:4)
  A spriggan air mage (Depths:5)
  A catoblepas (Gauntlet)
  3 ogre magi
  3 two-headed ogres
  A merfolk aquamancer (Shoals:4)
  2 deep troll earth magi
  3 hell knights
  3 deep elf knights
  A deep troll (Depths:4)
  A deep elf archer (Elf:3)
  A swamp dragon (Depths:4)
  7 deep elf magi
  A wolf spider (Spider:4)
  A cyclops (Shoals:4)
  A rime drake (shapeshifter) (Abyss:5)
  2 yaktaurs
  3 jumping spiders
  A meliai (D:15)
  2 hornets
  A dream sheep (Shoals:4)
  A raiju (Abyss:5)
  2 redbacks (Spider:4)
  2 spriggans (Depths:3)
  A chaos spawn (Abyss:5)
  2 orc warriors
  An ogre (Vaults:1)
  A human (D:3)
  An orc priest (D:12)
  6 orcs
  16 fungi
  A lurking horror (Abyss:2)
  35 plants
  19 starspawn tentacles
144 creatures vanquished.

Grand Total: 2455 creatures vanquished

Notes
Turn   | Place    | Note
-------+----------+-------------------------------------------
     0 | D:1      | snorg the Kobold Berserker began the quest for the Orb.
     0 | D:1      | Reached XP level 1. HP: 14/14 MP: 1/1
   296 | D:1      | Reached XP level 2. HP: 15/19 MP: 2/2
   427 | D:1      | Reached skill level 1 in Stealth
  1056 | D:2      | Found a shadowy altar of Dithmenos.
  1092 | D:2      | Reached XP level 3. HP: 22/23 MP: 3/3
  1213 | D:2      | Reached skill level 2 in Stealth
  1286 | D:2      | Reached skill level 5 in Short Blades
  1286 | D:2      | Reached XP level 4. HP: 28/28 MP: 4/4
  1295 | D:2      | Reached ** piety under Trog
  1295 | D:2      | Reached skill level 3 in Stealth
  1685 | D:2      | Found a basalt altar of Yredelemnul.
  1863 | D:3      | Found an ancient bone altar of Kikubaaqudgha.
  1864 | D:3      | Noticed a human
  1869 | D:3      | Killed a human
  1919 | D:3      | Reached XP level 5. HP: 32/32 MP: 5/5
  1973 | D:3      | Reached skill level 4 in Stealth
  2574 | D:3      | Noticed Grinder
  2585 | D:3      | Paralysed by Grinder for 2 turns
  2598 | D:3      | Killed Grinder
  2598 | D:3      | Reached skill level 5 in Stealth
  2598 | D:3      | Reached XP level 6. HP: 23/37 MP: 6/6
  2957 | D:3      | Noticed Jessica
  2960 | D:3      | Reached XP level 7. HP: 41/41 MP: 7/7
  2965 | D:3      | Killed Jessica
  2965 | D:3      | Reached *** piety under Trog
  3169 | D:4      | Noticed Robin
  3199 | D:4      | Killed Robin
  3199 | D:4      | Reached skill level 6 in Stealth
  3390 | D:4      | Noticed Eustachio
  3433 | D:4      | Killed Eustachio
  3612 | D:4      | Noticed Dowan
  3616 | D:4      | Identified the Guide on Nocuous Feathers
  3633 | D:4      | Killed Dowan
  3734 | D:4      | Found a staircase to the Ecumenical Temple.
  3746 | D:4      | Noticed Duvessa
  3755 | D:4      | Killed Duvessa
  3755 | D:4      | Reached skill level 5 in Dodging
  3755 | D:4      | Reached skill level 7 in Stealth
  3755 | D:4      | Reached XP level 8. HP: 46/46 MP: 8/8
  3761 | Temple   | Entered the Ecumenical Temple
  4196 | D:5      | Entered Level 5 of the Dungeon
  4200 | D:5      | Got a jewelled spear
  4276 | D:5      | Found a blossoming altar of Fedhas.
  4530 | D:5      | Reached skill level 8 in Stealth
  4757 | D:5      | Reached **** piety under Trog
  4872 | D:5      | Reached skill level 9 in Stealth
  5129 | D:5      | Noticed Menkaure
  5133 | D:5      | Killed Menkaure
  5133 | D:5      | Reached XP level 9. HP: 51/51 MP: 9/9
  5430 | D:6      | Reached skill level 10 in Stealth
  5455 | D:6      | Found Tecsitot's Gadget Shoppe.
  5458 | D:6      | Bought a wand of paralysis (6) for 88 gold pieces
  5488 | D:6      | Found a glowing drain.
  5515 | Sewer    | Entered a sewer
  5548 | Sewer    | Noticed Purgy
  5555 | Sewer    | Killed Purgy
  5824 | D:6      | Reached skill level 1 in Evocations
  6098 | D:6      | You fall into a shaft and drop 1 floor!
  6107 | D:7      | Reached skill level 10 in Short Blades
  6466 | D:7      | Found an ornate altar of the Wu Jian Council.
  6504 | D:7      | Found an opulent altar of Gozag.
  6566 | D:7      | Reached skill level 11 in Stealth
  6646 | D:7      | Reached XP level 10. HP: 56/56 MP: 12/12
  6798 | D:7      | Found an iron altar of Okawaru.
  7220 | D:7      | Found Gyimas's Food Emporium.
  7497 | D:8      | Noticed Joseph
  7507 | D:8      | Killed Joseph
  7549 | D:8      | Noticed Maurice
  7565 | D:8      | Reached skill level 12 in Stealth
  7579 | D:8      | Killed Maurice
  7579 | D:8      | Reached skill level 5 in Fighting
  7613 | D:7      | Reached ***** piety under Trog
  7657 | D:8      | Found a stormy altar of Qazlal.
  7917 | D:8      | Noticed Prince Ribbit
  7931 | D:8      | Killed Prince Ribbit
  8106 | D:8      | Noticed Pikel
  8165 | D:8      | Paralysed by Pikel for 3 turns
  8175 | D:8      | Paralysed by Pikel for 7 turns
  8184 | D:8      | Killed Pikel
  8292 | D:8      | Reached skill level 5 in Evocations
  8372 | D:8      | Noticed Psyche
  8379 | D:8      | Killed Psyche
  8379 | D:8      | Reached skill level 13 in Stealth
  8379 | D:8      | Reached XP level 11. HP: 64/64 MP: 14/14
  8908 | D:9      | Found a staircase to the Lair.
  9185 | Lair:1   | Entered Level 1 of the Lair of Beasts
  9344 | Lair:1   | Received a gift from Trog
  9406 | Lair:1   | Reached skill level 14 in Stealth
  9419 | Lair:1   | Noticed an eight-headed hydra
  9647 | Lair:1   | Reached skill level 1 in Throwing
 10088 | Lair:1   | Killed an eight-headed hydra
 10225 | Lair:1   | Noticed an eight-headed hydra
 10232 | Lair:1   | Killed an eight-headed hydra
 10232 | Lair:1   | Reached XP level 12. HP: 72/72 MP: 17/17
 10447 | Lair:1   | Reached skill level 15 in Stealth
 11257 | Lair:2   | Reached skill level 10 in Dodging
 11469 | Lair:2   | Got a transparent ring mail
 11773 | Lair:2   | Noticed a six-headed hydra
 11836 | Lair:2   | Killed a six-headed hydra
 12053 | Lair:2   | Found a staircase to the Shoals.
 12358 | Lair:3   | Found a hole to the Spider Nest.
 12517 | Lair:3   | Received a gift from Trog
 12689 | Lair:3   | Noticed a six-headed hydra
 12869 | Lair:3   | Identified the +2 ring mail of Qyca {rElec MR+ rCorr MP+9}
                  | (You found it on level 2 of the Lair of Beasts)
 12925 | Lair:3   | Noticed Snorg
 12969 | Lair:3   | Killed Snorg
 12969 | Lair:3   | Reached skill level 16 in Stealth
 13101 | Lair:3   | Killed a six-headed hydra
 13217 | Lair:3   | Noticed Nergalle
 13252 | Lair:3   | Killed Nergalle
 13252 | Lair:3   | Reached skill level 5 in Throwing
 13783 | Lair:4   | Noticed a seven-headed hydra
 13794 | Lair:4   | Killed a seven-headed hydra
 13794 | Lair:4   | Reached XP level 13. HP: 79/79 MP: 19/19
 13841 | Lair:4   | You fall into a shaft and drop 2 floors!
 13841 | Lair:6   | Entered Level 6 of the Lair of Beasts
 15163 | Lair:5   | Found a viscous altar of Jiyva.
 15164 | Lair:5   | Found a staircase to the Slime Pits.
 15193 | Lair:5   | Reached skill level 17 in Stealth
 15782 | Lair:5   | Received a gift from Trog
 16525 | Lair:6   | Noticed Josephine
 16576 | Lair:6   | Noticed a five-headed hydra
 16585 | Lair:6   | Killed a five-headed hydra
 17920 | Lair:6   | Killed Josephine
 17920 | Lair:6   | Reached skill level 18 in Stealth
 18645 | Lair:5   | Received a gift from Trog
 18645 | Lair:5   | Reached skill level 10 in Fighting
 18666 | Lair:5   | Reached XP level 14. HP: 38/88 MP: 20/20
 19936 | Lair:6   | Reached skill level 19 in Stealth
 20573 | Lair:6   | Got a faintly glowing leather armour
 20584 | Lair:6   | Identified the +0 leather armour of the Jabberwock {Str+4}
                  | (You found it on level 6 of the Lair of Beasts)
 20796 | D:10     | Entered Level 10 of the Dungeon
 21035 | D:10     | Reached skill level 1 in Crossbows
 21211 | D:10     | Found Zunaoxog's Distillery.
 22355 | D:11     | Found a staircase to the Orcish Mines.
 22430 | D:11     | Received a gift from Trog
 23090 | D:11     | Received a gift from Trog
 23501 | D:12     | Found a gate leading to a gauntlet.
 23516 | Gauntlet | Entered a Gauntlet
 23516 | Gauntlet | Found a transporter.
 23516 | Gauntlet | Found a transporter.
 23522 | Gauntlet | Found a transporter.
 23522 | Gauntlet | Found a transporter.
 23523 | Gauntlet | Found a transporter.
 23523 | Gauntlet | Found a transporter.
 23556 | Gauntlet | Found a transporter.
 23559 | Gauntlet | Found a transporter.
 23570 | Gauntlet | Found a transporter.
 23583 | Gauntlet | Noticed a reaper
 23586 | Gauntlet | Found a transporter.
 23654 | Gauntlet | Found a runed translucent door.
 23654 | Gauntlet | Found a runed translucent door.
 23658 | Gauntlet | Found a transporter.
 23662 | Gauntlet | Found a transporter.
 23908 | Gauntlet | Killed a reaper
 23908 | Gauntlet | Reached skill level 5 in Crossbows
 23915 | Gauntlet | Got a bound lapis lazuli ring
 23949 | Gauntlet | Noticed a minotaur
 23958 | Gauntlet | Killed a minotaur
 23973 | Gauntlet | Identified the ring "Codgh" {Ice rElec MR+} (You found it
                  | in a Gauntlet)
 24042 | D:12     | Noticed Sonja
 24243 | D:12     | Killed Sonja
 25290 | Orc:1    | Entered Level 1 of the Orcish Mines
 25645 | Orc:1    | Noticed Harold
 25794 | Orc:1    | Noticed Gastronok
 25861 | Orc:1    | Reached XP level 15. HP: 77/94 MP: 21/21
 25927 | Orc:1    | Gained mutation: You occasionally shout uncontrollably at
                  | your foes. [mutagenic glow]
 25950 | Orc:1    | Killed Gastronok
 25950 | Orc:1    | Reached skill level 20 in Stealth
 26151 | Orc:1    | Killed Harold
 26151 | Orc:1    | Received a gift from Trog
 26198 | Orc:2    | Entered Level 2 of the Orcish Mines
 26408 | Orc:2    | Found Zebexiydd's Jewellery Shoppe.
 26586 | Orc:2    | Received a gift from Trog
 27009 | Orc:2    | Noticed an orc warlord
 27025 | Orc:2    | Received a gift from Trog
 27047 | Orc:2    | Killed an orc warlord
 27103 | Orc:2    | Bought the ring "Seusub Dovav" {rN+ Int+2 Dex+4 SInv
                  | Stlth+} for 582 gold pieces
 27147 | Orc:2    | Found Kyhogy's Antique Weapon Boutique.
 27156 | Orc:2    | Found a staircase to the Elven Halls.
 27177 | Orc:2    | Reached skill level 10 in Crossbows
 27528 | Orc:2    | Found Sexeam's Antique Armour Shoppe.
 27743 | Orc:2    | Found Roduxin's General Store.
 28161 | Orc:2    | Found a roughly hewn altar of Beogh.
 28729 | Orc:2    | Bought an uncursed amulet of faith for 560 gold pieces
 28803 | D:13     | Noticed Azrael
 29221 | D:13     | Received a gift from Trog
 29713 | D:13     | Noticed Erolcha
 29802 | D:13     | Killed Erolcha
 29950 | D:13     | Killed Azrael
 30043 | D:14     | Found a gate to the Vaults.
 31549 | D:13     | Reached skill level 21 in Stealth
 31818 | D:14     | Found Inkem's Armour Emporium.
 31825 | D:14     | Received a gift from Trog
 31825 | D:14     | Reached XP level 16. HP: 100/100 MP: 23/23
 31830 | D:14     | Bought a +1 pair of boots of running for 511 gold pieces
 32203 | D:15     | Entered Level 15 of the Dungeon
 32833 | D:15     | Reached skill level 10 in Evocations
 32883 | D:15     | Gained mutation: You do not regenerate when monsters are
                  | visible. [mutagenic glow]
 32964 | D:15     | Found a portal to a secret trove of treasure.
 33205 | D:15     | Received a gift from Trog
 33802 | D:15     | Found a staircase to the Depths.
 34318 | Orc:2    | Bought an uncursed ring of poison resistance for 280 gold
                  | pieces
 34452 | Spider:1 | Entered Level 1 of the Spider Nest
 34825 | Spider:1 | Received a gift from Trog
 35528 | Spider:2 | Received a gift from Trog
 36118 | Spider:2 | Identified the +3 shield "Luecuv" {-Cast Int+3 Dex+4}
 36118 | Spider:2 | Noticed Asterion
 36150 | Spider:2 | Killed Asterion
 36566 | Spider:2 | Received a gift from Trog
 36567 | Spider:2 | Got a transparent fustibalus {god gift}
 36572 | Spider:2 | Identified the +9 fustibalus "Exuiq" {venom, +Blink rC+
                  | rN+++ Int-2} (Trog gifted it to you on level 2 of the
                  | Spider Nest)
 36907 | Spider:2 | Paralysed by a hornet for 2 turns
 37270 | Spider:2 | Reached XP level 17. HP: 94/108 MP: 25/25
 38096 | Spider:3 | Reached skill level 22 in Stealth
 38246 | Spider:3 | Noticed Arachne
 38260 | Spider:3 | Noticed Jorgrun
 38273 | Spider:3 | Killed Arachne
 38277 | Spider:3 | Killed Jorgrun
 38732 | Spider:3 | Noticed Mara
 38740 | Spider:3 | Received a gift from Trog
 38759 | Spider:3 | Killed Mara
 39068 | Spider:1 | Received a gift from Trog
 39590 | Spider:3 | Got a clouded copper amulet
 39600 | Spider:3 | Identified the amulet "Paaczocu" {Regen+ Str+2 Stlth+} (You
                  | found it on level 3 of the Spider Nest)
 40108 | Shoals:1 | Entered Level 1 of the Shoals
 40115 | Shoals:1 | Reached skill level 15 in Dodging
 40131 | Shoals:1 | HP: 2/108 [frost giant/bolt of cold (9)]
 41800 | Shoals:2 | Noticed Polyphemus
 41898 | Shoals:2 | Killed Polyphemus
 42225 | Shoals:2 | Reached XP level 18. HP: 116/116 MP: 27/27
 42265 | Shoals:2 | Received a gift from Trog
 43280 | Shoals:3 | Found Tuyroemp's Armour Shoppe.
 43288 | Shoals:3 | Bought the +2 pair of gloves of Indemnity {rN+ Int-5 Dex+3}
                  | for 344 gold pieces
 43427 | Shoals:3 | Found Seanum's Magic Scroll Shoppe.
 43445 | Shoals:3 | Reached skill level 23 in Stealth
 43710 | Shoals:3 | Found Kidysh's Jewellery Emporium.
 43814 | Shoals:3 | Found Geatzoni's General Store.
 44311 | Spider:4 | Entered Level 4 of the Spider Nest
 44540 | Spider:4 | Got a sparkling gossamer ring
 44576 | Spider:3 | Identified the ring of Abstinence {rN+ Str+3} (You found it
                  | on level 4 of the Spider Nest)
 44719 | Spider:4 | Received a gift from Trog
 44919 | Spider:4 | Noticed Bai Suzhen
 46445 | Spider:4 | Received a gift from Trog
 46590 | Spider:4 | Killed Bai Suzhen
 47244 | Spider:4 | Received a gift from Trog
 47585 | Spider:4 | Got a gossamer rune of Zot
 48040 | Vaults:1 | Entered Level 1 of the Vaults
 48047 | Vaults:1 | Reached XP level 19. HP: 123/123 MP: 29/29
 48385 | Vaults:1 | Reached skill level 15 in Fighting
 48960 | Vaults:1 | Received a gift from Trog
 49141 | Vaults:1 | Reached skill level 24 in Stealth
 49455 | Vaults:1 | Reached skill level 15 in Evocations
 50457 | Vaults:1 | Received a gift from Trog
 51294 | Vaults:1 | Reached ****** piety under Trog
 51294 | Vaults:1 | Received a gift from Trog
 51634 | Vaults:2 | Reached XP level 20. HP: 98/129 MP: 31/31
 51696 | Vaults:2 | Noticed Margery
 51723 | Vaults:2 | Killed Margery
 51938 | Vaults:2 | Received a gift from Trog
 52100 | Vaults:2 | Noticed Jory
 52113 | Vaults:2 | Killed Jory
 52118 | Vaults:2 | Reached skill level 25 in Stealth
 52210 | Vaults:2 | Received a gift from Trog
 53114 | Vaults:2 | Noticed Boris
 53123 | Vaults:2 | Killed Boris
 53369 | Vaults:3 | Received a gift from Trog
 53767 | Vaults:3 | Received a gift from Trog
 54274 | Vaults:3 | Found a staircase to the Crypt.
 54274 | Vaults:3 | Found an ancient bone altar of Kikubaaqudgha.
 54275 | Vaults:3 | Found a basalt altar of Yredelemnul.
 54809 | Vaults:3 | Reached XP level 21. HP: 130/134 MP: 32/32
 55136 | Vaults:3 | Received a gift from Trog
 55269 | Vaults:3 | Reached skill level 26 in Stealth
 55412 | Vaults:3 | Received a gift from Trog
 55915 | Vaults:3 | Received a gift from Trog
 55916 | Vaults:3 | Identified the +10 arbalest "Facovix" {elec, *Slow rElec
                  | Dex+6} (Trog gifted it to you on level 3 of the Vaults)
 56739 | Vaults:4 | Identified a scroll of acquirement
 56741 | Vaults:4 | Identified the amulet of Winter {Reflect Str-3 Int+4 Dex+6
                  | SH+2} (You acquired it on level 4 of the Vaults)
 57110 | Vaults:4 | Reached skill level 15 in Crossbows
 57401 | Vaults:4 | Found the +9 heavy crossbow "Sniper" {velocity, Acc+∞ SInv}
 57430 | Vaults:4 | Received a gift from Trog
 57460 | Vaults:4 | Identified the ring of Paeteps {AC+1 Int+8 Dex-3}
 57480 | Vaults:4 | Noticed an ancient lich
 57496 | Vaults:4 | Received a gift from Trog
 57620 | Vaults:4 | Killed an ancient lich
 57641 | Vaults:4 | Identified the cursed +0 arbalest "Mejys" {flame, Dex+4}
                  | (You found it on level 4 of the Vaults)
 58723 | Vaults:4 | Reached XP level 22. HP: 134/140 MP: 33/33
 59298 | Shoals:4 | Entered Level 4 of the Shoals
 59298 | Shoals:4 | Found a transporter.
 59302 | Shoals:4 | Found a bloodstained altar of Trog.
 59302 | Shoals:4 | Identified the cursed +0 demon trident of Makhleb's
                  | Vengeance {drain, rN+}
 59303 | Shoals:4 | Noticed mortelune's ghost (adept MiBe)
 59304 | Shoals:4 | Identified the +8 trident "Stringbean" {speed, +Fly rN+++
                  | MP-9 Int+3}
 59323 | Shoals:3 | Received a gift from Trog
 59477 | Shoals:4 | Reached skill level 27 in Stealth
 59927 | Shoals:4 | Found a transporter.
 59968 | Shoals:4 | Received a gift from Trog
 60022 | Shoals:4 | Got a dazzling cloak
 60046 | Shoals:4 | Identified the cursed +0 cloak of Untruth {rF+ Str+4 Int+2
                  | Dex+2} (You found it on level 4 of the Shoals)
 60219 | Shoals:4 | Got a barnacled rune of Zot
 60654 | Shoals:4 | Identified the Incunabulum of Captivating Toxins
 61597 | Elf:1    | Entered Level 1 of the Elven Halls
 61619 | Elf:1    | Received a gift from Trog
 62026 | Elf:1    | Found Biucio's Gadget Emporium.
 62062 | Elf:1    | Received a gift from Trog
 62137 | Elf:1    | Found Qiplar's General Store.
 62140 | Elf:1    | Found Simego's General Store.
 62140 | Elf:1    | Found Wapyarim's Gadget Shop.
 62146 | Elf:1    | Found Pedyff's Distillery.
 62278 | Elf:1    | Cast into level 2 of the Abyss (+2 glaive of distortion)
 62496 | Abyss:2  | Received a gift from Trog
 62689 | Elf:1    | Escaped the Abyss
 62717 | Elf:1    | Identified Suomnorgh's Guide on Attacks
 63419 | Elf:2    | Received a gift from Trog
 64029 | Elf:2    | Found Juiptusm's Food Shoppe.
 64061 | Elf:2    | Received a gift from Trog
 64284 | Elf:2    | Found a huge runed translucent gate.
 64284 | Elf:2    | Found a huge runed translucent gate.
 64284 | Elf:2    | Found a huge runed translucent gate.
 64292 | Elf:2    | Found a huge runed translucent gate.
 64292 | Elf:2    | Found a huge runed translucent gate.
 64380 | Elf:2    | Received a gift from Trog
 64402 | Elf:2    | Reached XP level 23. HP: 67/146 MP: 34/34
 65522 | Vaults:5 | Entered Level 5 of the Vaults
 67088 | Vaults:5 | Identified the ring "Ximai" {rPois rC+ Dex+2}
 67553 | Vaults:5 | Received a gift from Trog
 67798 | Vaults:5 | Reached skill level 5 in Armour
 68200 | Vaults:5 | Received a gift from Trog
 68298 | Vaults:5 | Identified the +8 falchion "Zeggoth" {protect, rF- Dex+6}
 68315 | Vaults:5 | Got a silver rune of Zot
 68457 | Vaults:5 | Reached XP level 24. HP: 156/156 MP: 34/34
 70035 | Shoals:3 | Bought a scroll of identify for 20 gold pieces
 70044 | Shoals:3 | Bought a scroll of identify for 34 gold pieces
 70044 | Shoals:3 | Bought a scroll of identify for 34 gold pieces
 70044 | Shoals:3 | Bought a scroll of identify for 34 gold pieces
 70044 | Shoals:3 | Bought a scroll of identify for 34 gold pieces
 70044 | Shoals:3 | Bought a scroll of identify for 34 gold pieces
 70044 | Shoals:3 | Bought a scroll of identify for 34 gold pieces
 70361 | D:15     | You paid a toll of 6 scrolls of blinking to enter a
                  | treasure trove
 70362 | Trove    | Entered a treasure trove
 70382 | Trove    | Got a sparkling silver amulet
 70386 | Trove    | Got a shimmering pewter amulet
 70410 | Trove    | Got a shimmering robe
 70586 | D:15     | Identified the +5 robe of Hangman {+Fly rPois Int+4 SInv}
                  | (You found it in a treasure trove)
 70588 | D:15     | Identified the amulet "Zoecumeko" {RegenMP *Corrode rPois
                  | Str+2 Dex+7} (You found it in a treasure trove)
 70589 | D:15     | Identified the amulet of the Salmon {rC+ MR+ Regen+} (You
                  | found it in a treasure trove)
 70873 | Shoals:3 | Bought a scroll of acquirement for 884 gold pieces
 71280 | Shoals:3 | Bought the ring of Xafifri {rElec rN++ Int+2} for 448 gold
                  | pieces
 71687 | Elf:3    | Entered Level 3 of the Elven Halls
 71994 | Elf:3    | Identified the ring of Xarcho {-Tele rF- rC+ rN+++ Int+8
                  | Stlth-}
 72375 | Elf:3    | Received a gift from Trog
 72688 | Elf:3    | Identified the ring of Freedom {rElec rPois AC+1 Str+3}
 72711 | Elf:3    | Received a gift from Trog
 72811 | Elf:3    | Identified the cursed +2 quarterstaff of Ancient Evil
                  | {flame, *Slow rPois rN+}
 72954 | Elf:3    | Identified the Papyrus of Glacial Flames
 72984 | Elf:3    | Got a jewelled scale mail
 73008 | Elf:3    | Identified the +2 scale mail "Waalizxa" {rPois Regen+} (You
                  | found it on level 3 of the Elven Halls)
 73030 | Elf:3    | Got a bronze scale mail
 73041 | Elf:3    | Identified the +8 scale mail of Agosmax {rPois rC+ MR+
                  | Dex+5 Slay-2} (You found it on level 3 of the Elven Halls)
 73759 | Elf:3    | Received a gift from Trog
 74327 | Depths:1 | Entered Level 1 of the Depths
 74327 | Depths:1 | Found a gateway to Hell.
 74519 | Depths:1 | Found a one-way gate leading to the halls of Pandemonium.
 75530 | Depths:1 | Found a gateway to a ziggurat.
 75793 | Depths:1 | Found a shattered altar of Ashenzari.
 75980 | Depths:2 | Received a gift from Trog
 76184 | Depths:2 | Identified the +1 robe of Zari Huoll {*Corrode rPois MP+9
                  | SInv}
 76335 | Depths:2 | You fall into a shaft and drop 1 floor!
 76518 | Depths:3 | Reached XP level 25. HP: 127/160 MP: 34/34
 77234 | Depths:3 | Found a one-way gate to the infinite horrors of the Abyss.
 77287 | Depths:2 | Reached skill level 10 in Throwing
 77478 | Depths:2 | Got a pair of polished gloves
 77489 | Depths:2 | Identified the cursed +0 pair of gloves of Grace {rN+ SInv}
                  | (You found it on level 2 of the Depths)
 77489 | Depths:2 | Identified the cursed +1 plate armour "Xuengec" {-Tele rC+
                  | Dex+6} (You found it on level 2 of the Depths)
 77843 | Depths:2 | Reached skill level 10 in Armour
 77877 | Depths:2 | Got a heavily runed chain mail
 77909 | Depths:2 | Identified the cursed +0 chain mail of Hopscotch {rElec
                  | Str+8 Slay-2 SInv} (You found it on level 2 of the Depths)
 78048 | Depths:2 | Received a gift from Trog
 78286 | Depths:3 | Noticed Sojobo
 78402 | Depths:2 | Identified the +2 battleaxe of Beogh's Envy {flame, rPois
                  | rC+ Str+4 Dex-3}
 78687 | Depths:3 | Noticed Aizul
 78852 | Depths:3 | Killed Aizul
 78952 | Depths:3 | Received a gift from Trog
 79074 | Depths:3 | Identified the +3 shortbow "Urujyxkayr" {flame, MP-9 Dex+4}
 79084 | Depths:3 | Identified the cursed +1 robe of Defiance {rC+ Str+6}
 79832 | Depths:3 | Identified the Guide on Toxic Sinister Magic
 79944 | Depths:3 | Killed Sojobo
 80288 | Depths:4 | Received a gift from Trog
 80606 | Depths:4 | Noticed Boris
 80607 | Depths:4 | Reached XP level 26. HP: 169/169 MP: 34/34
 80801 | Depths:3 | Killed Boris
 81316 | Depths:4 | Noticed a juggernaut
 81514 | Depths:4 | Received a gift from Trog
 82270 | Lair:1   | Lost mutation: You do not regenerate when monsters are
                  | visible. [potion of mutation]
 82270 | Lair:1   | Lost mutation: You occasionally shout uncontrollably at
                  | your foes. [potion of mutation]
 82270 | Lair:1   | Gained mutation: You are robust. (+10% HP) [potion of
                  | mutation]
 82270 | Lair:1   | Gained mutation: You are agile. (Dex +2) [potion of
                  | mutation]
 82270 | Lair:1   | Gained mutation: You possess an exceptional clarity of
                  | mind. [potion of mutation]
 82579 | Depths:5 | Entered Level 5 of the Depths
 83206 | Depths:5 | Received a gift from Trog
 83728 | Depths:5 | Received a gift from Trog
 84339 | Depths:5 | Found a gate to the Realm of Zot.
 85055 | Depths:3 | Voluntarily entered the Abyss.
 85716 | Abyss:1  | Noticed an ancient lich
 85963 | Abyss:3  | Found a corrupted altar of Lugonu.
 86089 | Abyss:5  | Entered Level 5 of the Abyss
 86272 | Abyss:5  | Paralysed by accursed screaming for 1 turns
 86421 | Depths:3 | Escaped the Abyss
 86851 | Depths:3 | Voluntarily entered the Abyss.
 86856 | Abyss:1  | Noticed an ancient lich
 86881 | Abyss:1  | Killed an ancient lich
 86881 | Abyss:1  | Reached XP level 27. HP: 109/193 MP: 23/30
 86932 | Abyss:1  | Paralysed by accursed screaming for 1 turns
 87109 | Abyss:1  | Received a gift from Trog
 87659 | Abyss:2  | Received a gift from Trog
 88173 | Abyss:2  | Gained mutation: You are dopey. (Int -2) [a neqoxec]
 88304 | Abyss:2  | Paralysed by accursed screaming for 1 turns
 88311 | Abyss:2  | HP: 3/158 [starcursed mass/accursed screaming (12)]
 88312 | Abyss:2  | Killed from afar by a starcursed mass

Levels and vault maps discovered:
D:1:      minmay_arrival_four_houses, layout_loops_corners,
          minmay_stone_trees_small, minmay_misc_feat_plants
D:2:      layout_loops_ring, lemuel_doored_altar,
          yredelemnul_forgotten_temple_becter, minmay_misc_feat_encased,
          minivault_5
D:3:      minmay_diamond_boxcup, layout_basic, tgw_kikubaaqudgha, uniq_grinder,
          uniq_jessica
D:4:      layout_basic, minmay_temple_entry_ruins, first_ration,
          minmay_misc_feat_alley, uniq_duvessa, uniq_robin, uniq_eustachio
D:5:      layout_basic, fedhas_altar_1, minmay_fractal_squares_5, uniq_menkaure
D:6:      layout_basic, gammafunk_temple_overflow_statue, serial_shops,
          nicolae_shop_window_shopping, portal_sewer_entry_f
D:7:      layout_basic, overflow_temple_1_default,
          lemuel_coloured_pillars_altar, okawaru_gym_becter, serial_shops,
          kennysheep_mini, the_bakery, chequers_serial_rivers_micro_c
D:8:      layout_rooms, kennysheep_little_box, worms_lemuel, uniq_joseph,
          uniq_psyche, uniq_maurice, uniq_prince_ribbit1, uniq_pikel
D:9:      layout_basic, lair_entry_dummy, serial_glass, glass_columns_a,
          glass_columns_b
D:10:     layout_basic, serial_shops, shop
D:11:     layout_gridville, zombieorc2_lemuel
D:12:     layout_basic, gauntlet_entry_generic, uniq_sonja
D:13:     layout_loops_ring, uniq_erolcha, uniq_azrael
D:14:     cheibrodos_frozen_isle, layout_basic, david_vaults_2,
          minmay_misc_feat_pillars, serial_shops, shop_fountains
D:15:     gammafunk_enter_depths_forms, layout_basic, special_room
          [special_room_bee], chequers_serial_rivers_marsh,
          nicolae_trove_entry_crossroad
Temple:   cyrus_circular_temple
Lair:1:   layout_roguey, chequers_serial_rivers_micro_d, wad_woods_road_05,
          minmay_lair_oklob_chamber
Lair:2:   layout_loops_ring, minmay_shoals_entry_hut, st_stairs_12,
          grunt_megastairs_2, lemuel_fruit_tree
Lair:3:   layout_roguey, nicolae_spider_entry_non_spiders, uniq_snorg,
          uniq_nergalle
Lair:4:   layout_big_grid
Lair:5:   layout_cave_pods, dpeg_slime_entry_enclosed_altar,
          serial_bayou_shore_a
Lair:6:   hangedman_lair_tendril_chambers, layout_hall_layers, uniq_josephine
Shoals:1: layout_shoals, nicolae_shoals_circle_sea_wall, st_shoals_ruin
Shoals:2: layout_shoals, uniq_polyphemus
Shoals:3: layout_shoals, serial_shops, nicolae_shop_behind_doors, shop,
          shop_fountains, shop
Shoals:4: shoals_end_simple, layout_shoals, gammafunk_ghost_wrathful_warriors
Spider:1: layout_spider_delve
Spider:2: layout_spider_delve, uniq_asterion
Spider:3: layout_spider_delve, uniq_jorgrun, uniq_mara, uniq_arachne
Spider:4: grunt_spider_rune_circles, lemuel_hornet_nest, uniq_bai_suzhen
Orc:1:    layout_diamond_mine, uniq_harold, uniq_gastronok
Orc:2:    grunt_orc_gardens, layout_diamond_mine, grunt_orc_garden,
          grunt_orc_garden, grunt_orc_garden, grunt_orc_garden,
          minmay_orc_temple_a
Elf:1:    minmay_elf_arrival_summoners, layout_gridlike, serial_shops, shop,
          minmay_elf_annihilation, minivault_4, minmay_shoptagon
Elf:2:    layout_geoelf_grid, serial_shops, nicolae_shop_crystal
Elf:3:    minmay_elf_hall_not_hex, layout_loops_corners
Vaults:1: v_misc_13, vaults_room_grid, nicolae_vaults_quadrants,
          nicolae_vaults_little_squares_4, nicolae_vaults_little_squares_4,
          vaults_standard_mumra_enter_the_diamond, v_pattern_2, v_rooms_5,
          vaults_room_ringed_pool, nicolae_vaults_network_star, serial_ice_g,
          nicolae_vaults_specimen_jars, ontoclasm_vaults_fault,
          dpeg_vaults_monster_row, layout_vaults_omnibox
Vaults:2: ontoclasm_vaults_spin, v_rooms_2, vaults_room_door_ring,
          ontoclasm_vaults_ligature, vaults_room_glass_cross,
          hangedman_vaults_corner_blocks, vaults_mumra_hexcomb,
          grunt_vaults_focal, vaults_mumra_chevron, layout_vaults_omnigrid,
          uniq_jory, uniq_margery, uniq_boris
Vaults:3: minmay_crypt_entry_necro_gods, v_alt_pattern_6, grunt_vaults_swirl,
          ontoclasm_vaults_twist, hangedman_vaults_locks,
          grunt_vaults_hallway_short, grunt_vaults_twisty, v_misc_31,
          nicolae_vaults_c_with_doors, vaults_standard_mumra_x,
          vaults_room_hallway, nicolae_vaults_shelves_hall,
          layout_vaults_maze_bifur
Vaults:4: v_pattern_4, minmay_guarded_unrand_secular_launcher,
          nicolae_vaults_back_hallway, v_misc_3, nicolae_vaults_rhombus_5,
          hangedman_vaults_hat, nicolae_vaults_circle_grid_a,
          nicolae_vaults_network_quinsquares
          [nicolae_vaults_network_quincunx_subvault,
          nicolae_vaults_network_quincunx_subvault,
          nicolae_vaults_network_quincunx_subvault,
          nicolae_vaults_network_quincunx_subvault], vaults_room_door_ring,
          nicolae_vaults_ring_of_whatevers, grunt_vaults_hallway_long,
          layout_vaults_ring
Vaults:5
Depths:1: layout_cave_pools, enter_ziggurat_a, hell_entry,
          minmay_misc_feat_tower, pan_entry, minmay_misc_feat_room,
          ashenzari_altar_1
Depths:2: minmay_the_grid_octo_triangle [minmay_the_grid_octo_clover_2,
          minmay_the_grid_octo_prize_square_snowflake,
          minmay_the_grid_octo_odd_swirl], layout_basic, hangedman_coc_ice_floe,
          chequers_serial_rivers_room_a
Depths:3: grunt_runaround [grunt_runaround_doors_1, grunt_runaround_doors_2,
          grunt_runaround_doors_3, grunt_runaround_doors_4,
          grunt_runaround_loot], pan_entry, serial_shops, hell_entry,
          abyss_entry, uniq_aizul, uniq_sojobo
Depths:4: onia_ninara_swampy_vault, layout_small_grid,
          marbit_kobold_abyss_entry, lightli_too_deep, grunt_decor_arrowhead,
          onia_ninara_dug_in_and_dangerous
Depths:5: evilmike_zot_entry_diamond, layout_gridville, hell_entry,
          grunt_decor_resistance, grunt_ministairs_6,
          hangedman_abyss_or_decor_slice
Abyss:2:  base: Depths:2, guppyfry_abyss_exit_glass_guarded,
          hangedman_abyss_mock_shop, bh_abyss_exit_choice,
          evilmike_abyss_exit_16, base: D:8, evilmike_abyss_exit_14,
          abyss_furniture_001, hangedman_shadowy_showcase, base: D:2,
          hangedman_abyss_river_spirits, bh_silent_lugonu_exit,
          hangedman_abyss_river_spirits, base: D:2, bh_silent_lugonu_exit,
          evilmike_abyss_exit_9, minivault_24, minivault_22

Skill      XL: |  1  2  3  4  5  6  7  8  9 10 11 12 13 14 15 16 17 18 19 20 21 22 23 24 25 26 27 |
---------------+----------------------------------------------------------------------------------+-----
Stealth        | 1 2 3 5 7 9 11 13 14 16 18 19 21 22 23 24 25 26 27 | 27.0
Dodging        | 3 4 5 6 7 8 9 10 12 13 14 15 16 18 19 20 21 22 23 | 23.0
Short Blades   | 5 6 8 9 10 | 10.0
Armour         | 3 4 5 9 10 12 | 12.0
Evocations     | 2 5 7 8 9 11 12 14 15 | 15.0
Fighting       | 4 5 7 8 10 11 12 13 14 15 17 18 19 20 | 20.0
Throwing       | 3 5 6 8 12 | 12.0
Crossbows      | 7 11 13 15 18 19 21 | 21.9

Action                   |  1- 3 |  4- 6 |  7- 9 | 10-12 | 13-15 | 16-18 | 19-21 | 22-24 | 25-27 || total
-------------------------+-------+-------+-------+-------+-------+-------+-------+-------+-------++-------
Melee: Short sword       |    17 |       |       |       |       |       |       |       |       ||    17
       Dagger            |    55 |   104 |   524 |   935 |  2218 |  1563 |  1595 |  2253 |  1927 || 11174
 Fire: Hunting sling     |       |    24 |    19 |     6 |       |       |       |       |       ||    49
       Arbalest          |       |       |       |       |    16 |       |     9 |    97 |    13 ||   135
       Hand crossbow     |       |       |       |       |    39 |   269 |       |       |       ||   308
       Triple crossbow   |       |       |       |       |       |       |     6 |       |       ||     6
       Heavy crossbow    |       |       |       |       |       |       |     2 |    17 |    48 ||    67
Throw: Boomerang         |       |       |     1 |    37 |   157 |       |       |       |       ||   195
       Dart              |       |       |       |     8 |    64 |    61 |    21 |   204 |    91 ||   449
Invok: Berserk           |     3 |       |     7 |    23 |    28 |    15 |    10 |     7 |    15 ||   108
       Trog's Hand       |       |       |     2 |     5 |     9 |     4 |     2 |    11 |     7 ||    40
       Brothers in Arms  |       |       |     1 |     6 |     7 |    12 |    11 |    15 |     9 ||    61
 Abil: Evoke Invisibilit |       |       |       |       |    33 |    33 |    38 |    35 |    21 ||   160
       Evoke Blink       |       |       |       |       |       |     3 |       |    16 |    13 ||    32
Evoke: Wand              |       |       |     1 |     9 |    40 |     5 |     2 |     2 |    15 ||    74
       Box of beasts     |       |       |       |       |     1 |       |       |       |       ||     1
       Lamp of fire      |       |       |       |       |     1 |     2 |     2 |     5 |       ||    10
       Fan of gales      |       |       |       |       |       |     2 |       |       |       ||     2
       Phial of floods   |       |       |       |       |       |     1 |     1 |     2 |       ||     4
       Lightning rod     |       |       |       |       |       |       |       |     4 |       ||     4
  Use: Scroll            |       |       |       |    26 |    11 |     8 |    10 |    24 |    13 ||    92
       Potion            |       |       |       |     1 |     1 |     8 |       |     3 |     3 ||    16
 Stab: Sleeping          |     3 |    15 |    18 |    27 |    44 |    28 |    58 |    52 |    17 ||   262
       Distracted        |       |       |     3 |     6 |     3 |     7 |     8 |    14 |    19 ||    60
       Paralysed         |       |       |     1 |     1 |     1 |     1 |       |     1 |       ||     5
       Invisible         |       |       |       |       |    73 |    91 |   169 |   137 |    96 ||   566
       Petrified         |       |       |       |       |     1 |       |       |       |       ||     1
       Petrifying        |       |       |       |       |       |       |       |       |     1 ||     1
  Eat: Chunk             |    11 |     6 |    20 |    42 |   105 |    72 |    65 |    86 |    55 ||   462
       Ration            |       |       |       |       |     1 |     4 |       |       |     1 ||     6
Armor: Animal skin       |    15 |    11 |    22 |       |       |       |       |       |       ||    48
       Robe              |       |       |     4 |       |       |       |       |       |       ||     4
       Leather armour    |       |       |    36 |    96 |   126 |       |       |       |       ||   258
       Ring mail         |       |       |       |       |    62 |   364 |   103 |   180 |       ||   709
       Fire dragon scale |       |       |       |       |       |       |       |   115 |   505 ||   620
Dodge: Dodged            |    74 |    50 |   301 |   490 |  1346 |  2086 |  1032 |  1877 |  2118 ||  9374
